 Dungeon Crawl Stone Soup version 0.28-a0-1435-g82390b3a13 (webtiles) character file.

Game seed: 2260665450726265020

2 voltaire321 the Sneak (level 1, -1/16 HPs)
             Began as a Demonspawn Brigand on Jan 10, 2022.
             Frozen to death by an endoplasm (5 damage)
             ... on level 1 of the Dungeon.
             The game lasted 00:00:50 (87 turns).

voltaire321 the Sneak (Demonspawn Brigand)            Turns: 87, Time: 00:00:51

Health: -1/16      AC:  3    Str: 11    XL:     1   Next: 33%
Magic:  1/1        EV: 11    Int: 12    God:
Gold:   0          SH:  0    Dex: 14    Spells: 0/0 levels left

rFire   . . .      SeeInvis .   a - +2 dagger
rCold   . . .      Faith    .   (no shield)
rNeg    . . .      Spirit   .   b - +0 robe
rPois   .          Reflect  .   (no helmet)
rElec   .          Harm     .   c - +0 cloak
rCorr   .          Rampage  .   (no gloves)
Will    .....                   (no boots)
Stlth   ++........              (no amulet)
HPRegen 0.05/turn               (no ring)
MPRegen 0.07/turn               (no ring)

@: no status effects
A: no striking features
a: no special abilities


You were on level 1 of the Dungeon.
You visited 1 branch of the dungeon, and saw 1 of its levels.

Inventory:

Hand Weapons
 a - a +2 dagger (weapon)
Missiles
 d - 8 poisoned darts (quivered)
 e - 2 curare-tipped darts
Armour
 b - a +0 robe (worn)
 c - a +0 cloak (worn)


   Skills:
 + Level 2.0 Fighting
 - Level 1.7 Short Blades
 + Level 1.8 Throwing
 + Level 1.0 Dodging
 + Level 3.6 Stealth


You couldn't memorise any spells.
You didn't know any spells.
Your spell library was empty.

Dungeon Overview and Level Annotations

Branches:
Dungeon (1/15)

Altars:


Message History

You hit the bat but do no damage. The bat barely misses you.
The bat hits you but does no damage. The bat closely misses you.
You hit the bat but do no damage. The bat hits you. The bat closely misses you.
You hit the bat.
The bat is moderately wounded.
The bat hits you but does no damage. x2
You hit the bat but do no damage. The bat hits you. The bat misses you.
You hit the bat.
You kill the bat!
The bat closely misses you.
You barely miss the bat. The bat hits you but does no damage.
The bat misses you. The bat closely misses you.
The bat hits you but does no damage. The bat closely misses you.
The bat closely misses you. The bat hits you. The bat closely misses you.
The bat hits you but does no damage.
You hit the bat.
The bat is heavily wounded.
The bat barely misses you. The bat barely misses you.
The bat closely misses you.
You hit the bat.
You kill the bat!
Your Dodging skill increases to level 1!
Found 2 amethyst potions.
An endoplasm comes into view.
The endoplasm quivers.
The endoplasm hits you but does no damage.
The endoplasm hits you but does no damage.
The endoplasm freezes you.
You are frozen.
The endoplasm hits you. The endoplasm freezes you.
You are frozen.
* * * LOW HITPOINT WARNING * * *
The endoplasm freezes you.
You are frozen.
You die...

#########.
..#####.........
.........J......
#.......@.....#
#..####.#.#.#.#
#..####.......#
.##.....####.###
........+ ...
####....# ###
###....#
#......#
#....###


You could see an endoplasm.

Vanquished Creatures
  2 bats (D:1)
2 creatures vanquished.

Notes
Turn   | Place    | Note
-------+----------+-------------------------------------------
     0 | D:1      | voltaire321 the Demonspawn Brigand began the quest for the
                  | Orb.
     0 | D:1      | Reached XP level 1. HP: 16/16 MP: 1/1
    71 | D:1      | Reached skill level 1 in Dodging
    87 | D:1      | Frozen to death by an endoplasm

Illustrated notes

Levels and vault maps discovered:
D:1:      lemuel_arrival_broad_hall, layout_basic,
          chequers_ecumenical_altar_grove

Skill      XL: |  1 |
---------------+----+-----
Dodging        | 1 |  1.0
Fighting       | |  2.0
Short Blades   | |  1.7
Throwing       | |  1.8
Stealth        | |  3.6

Action                   || total
-------------------------++-------
Melee: Dagger            ||     8
  Use: Scroll            ||     1
Armor: Robe              ||     8
Dodge: Dodged            ||    13

Table legend: (Time is in decaauts)
 A = Elapsed time spent in this place.
 B = Non-inter-level travel time spent in this place.
 C = Inter-level travel time spent in this place.
 D = Time resting spent in this place.
 E = Time spent auto-exploring this place.
 F = Levels seen in this place.
 G = Mean time per level.
                   A        B        C        D        E       F      G
               +--------+--------+--------+--------+--------+-----+--------+
         Total |     86 |     79 |      7 |      0 |     34 |   1 |   86.0 |
       Dungeon |     86 |     79 |      7 |      0 |     34 |   1 |   86.0 |
               +--------+--------+--------+--------+--------+-----+--------+

Top non-repeatable levels by time:
     D:1: 86 daAuts
